 Dungeon Crawl Stone Soup version 0.28.0-43-g3370ac3207 (webtiles) character file.

Game seed: 6284649795756693718

85 RatsInWalls the Skirmisher (level 4, -2/45 HPs)
             Began as a Troll Fighter on Apr 1, 2022.
             Killed from afar by Sigmund (7 damage)
             ... with a magic dart
             ... on level 3 of the Dungeon.
             The game lasted 00:02:31 (1796 turns).

RatsInWalls the Skirmisher (Troll Fighter)          Turns: 1796, Time: 00:02:33

Health: -2/45      AC:  4    Str: 26    XL:     4   Next: 25%
Magic:  3/3        EV: 13    Int:  4    God:
Gold:   158        SH:  8    Dex: 15    Spells: 3/3 levels left

rFire   . . .      SeeInvis .   a - +0 flail
rCold   . . .      Faith    .   c - +0 kite shield
rNeg    . . .      Spirit   .   b - +0 robe
rPois   .          Reflect  .   (helmet restricted)
rElec   .          Harm     .   (no cloak)
rCorr   .          Rampage  .   (gloves unavailable)
Will    .....                   (boots unavailable)
Stlth   +.........              (no amulet)
HPRegen 0.95/turn               i - +6 ring of dexterity
MPRegen 0.08/turn               n - +4 ring of evasion

@: mighty
A: large, unfitting armour, claws 3, regeneration 1, shaggy fur 1, tough skin 1
a: no special abilities


You were on level 3 of the Dungeon.
You visited 1 branch of the dungeon, and saw 3 of its levels.

You collected 158 gold pieces.

Inventory:

Hand Weapons
 a - a +0 flail (weapon)
Armour
 b - a +0 robe (worn)
 c - a +0 kite shield (worn)
Jewellery
 i - a +6 ring of dexterity (left claw)
 n - a +4 ring of evasion (right claw)
Wands
 g - a wand of charming (2)
Scrolls
 h - a scroll of enchant armour {unknown}
 l - a scroll of identify {unknown}
 o - a scroll of fog {unknown}
 p - a scroll of silence {unknown}
Potions
 d - a potion of might
 e - a potion of heal wounds {unknown}
 f - 2 potions of curing {unknown}
 j - a potion of lignification {unknown}
 k - 2 potions of haste {unknown}
 m - a potion of flight {unknown}
 q - a potion of degeneration {unknown}


   Skills:
 * Level 3.2 Fighting
 * Level 3.0 Maces & Flails
 + Level 2.9 Dodging
 - Level 2.4 Shields


You had 3 spell levels left.
You didn't know any spells.
Your spell library was empty.

Dungeon Overview and Level Annotations

Branches:
Dungeon (3/15)

Altars:
Dithmenos
Uskayaw

Annotations:
D:3 Sigmund


Innate Abilities, Weirdness & Mutations

You are too large for most types of armour.
You have claws for hands.
Your natural rate of healing is unusually fast.
You are covered in fur. (AC +1)
You have tough skin. (AC +1)


Message History

The hobgoblin misses you.
You barely miss the hobgoblin.
The hobgoblin is moderately wounded.
You block the hobgoblin's attack. The hobgoblin misses you.
You thump the hobgoblin!
You kill the hobgoblin!
Sigmund barely misses you.
Okay, then.
Sigmund casts a spell at you. The magic dart hits you!
You feel very mighty all of a sudden. Sigmund casts a spell at you.
The puff of flame hits you.
An endoplasm comes into view.
Sigmund hits you with a +0 scythe.
You closely miss Sigmund. Sigmund hits you with a +0 scythe!
You closely miss Sigmund.
Sigmund mumbles some strange words.
Sigmund flickers and vanishes!
Deactivating autopickup; reactivate with Ctrl-A.
The endoplasm quivers.
You sock something!
You hear some strange, mumbled words.
A puff of flame appears from out of thin air!
The puff of flame hits you.
You closely miss something.
You hear some strange, mumbled words.
Something tries to affect you, but you resist.
Something hits you but does no damage.
You miss something. The endoplasm closely misses you.
The endoplasm barely misses you. Something hits you!
* * * LOW HITPOINT WARNING * * *
You thump something! The endoplasm freezes you.
You are frozen.
* * * LOW HITPOINT WARNING * * *
You hear some strange, mumbled words.
A magic dart appears from out of thin air!
The magic dart hits you!
You die...

........ ###...... ..
#.......# ...
#.......###....
#.............#
#..............
#....{J........
###....@........#
#...............#
#.##............#
#.##.....$......#
#......##........
###....##......##
#.....................
#...'########+....#...
##..#........#....#...


You could see an endoplasm.

Vanquished Creatures
  A gnoll (D:1)
  An adder (D:3)
  2 dart slugs
  2 orcs (D:3)
  4 ball pythons
  5 bats
  6 endoplasms
  4 giant cockroaches
  4 goblins
  7 hobgoblins
  6 kobolds
  3 quokkas
  4 frilled lizards
  6 rats
55 creatures vanquished.

Notes
Turn   | Place    | Note
-------+----------+-------------------------------------------
     0 | D:1      | RatsInWalls the Troll Fighter began the quest for the Orb.
     0 | D:1      | Reached XP level 1. HP: 22/22 MP: 0/0
   155 | D:1      | Reached XP level 2. HP: 29/29 MP: 1/1
   373 | D:1      | Reached XP level 3. HP: 36/36 MP: 2/2
  1142 | D:2      | Found a faded altar of an unknown god.
  1652 | D:3      | Reached XP level 4. HP: 45/45 MP: 3/3
  1670 | D:3      | Found a shadowy altar of Dithmenos.
  1672 | D:3      | Found a hide-covered altar of Uskayaw.
  1781 | D:3      | Noticed Sigmund
  1796 | D:3      | Killed from afar by Sigmund

Illustrated notes

Levels and vault maps discovered:
D:1:      sevenhm_arrival_forest_fort_large_4, layout_loops_ring, st_stairs_11
D:2:      layout_loops_ring, basic_ecumenical_altar,
          nicolae_concentric_dashed_squares_wild
D:3:      layout_basic, nzn_wu_jian_council_hall, jmf_multi_god_temple,
          minmay_fractal_squares_5, uniq_sigmund

Skill      XL: |  1  2  3  4 |
---------------+-------------+-----
Maces & Flails | 2 3 |  3.0
Fighting       | 3 |  3.2
Dodging        | |  2.9
Shields        | |  2.4

Action                   |  1- 3 |  4- 6 || total
-------------------------+-------+-------++-------
Melee: Flail             |   179 |    24 ||   203
  Use: Potion            |       |     1 ||     1
 Stab: Sleeping          |     1 |     1 ||     2
Armor: Robe              |    83 |     2 ||    85
Dodge: Dodged            |    80 |    12 ||    92
Block: Kite shield       |    58 |     6 ||    64
